 Dungeon Crawl Stone Soup version 0.17.1-3-g152610e (webtiles) character file.

5890 Locuples the Cleaver (level 10, -1/91 HPs)
             Began as a Minotaur Fighter on Apr 19, 2016.
             Was a Priest of Okawaru.
             Slain by a yak (10 damage)
             ... summoned by an orange crystal statue
             ... on level 10 of the Dungeon on Apr 20, 2016.
             The game lasted 00:34:00 (8946 turns).

Locuples the Cleaver (Minotaur Fighter)             Turns: 8946, Time: 00:34:01

Health: -1/91      AC:  9    Str: 23      XL:     10   Next: 53%
Magic:  9/9        EV:  8    Int:  3 (5)  God:    Okawaru [***...]
Gold:   442        SH: 11    Dex: 11      Spells: 0 memorised, 9 levels left

rFire  . . .     SeeInvis .     a - +0 war axe
rCold  . . .     Clarity  .     b - +0 scale mail
rNeg   . . .     SustAt   .     c - +0 shield
rPois  .         Gourm    .     (helmet restricted)
rElec  .         Spirit   .     G - +0 cloak
rCorr  .         Warding  .     (no gloves)
rMut   .         Stasis   .     (no boots)
MR     .....                    v - amulet of rage
Stlth  ..........               (no ring)
                                (no ring)

@: exhausted, very slightly contaminated, slowed, invisible, very slow, not
resistant to hostile enchantments, extremely unstealthy
A: retaliatory headbutt, horns 2
a: Heroism, Renounce Religion, Evoke Berserk Rage


You were on level 10 of the Dungeon.
You worshipped Okawaru.
Okawaru was most pleased with you.
You were very hungry.

You visited 1 branch of the dungeon, and saw 10 of its levels.

You collected 442 gold pieces.

Inventory:

Hand Weapons
 a - a +0 war axe (weapon)
Armour
 b - a +0 scale mail (worn)
 c - a +0 shield (worn)
 G - a +0 cloak (worn)
Jewellery
 r - an uncursed ring of see invisible {unknown}
 v - an amulet of rage (around neck)
 y - an uncursed amulet of faith
Wands
 B - a wand of disintegration (4)
 C - a wand of polymorph (7)
 F - a wand of flame (16)
Scrolls
 d - a scroll of recharging {unknown}
 f - 5 scrolls of remove curse
 g - a scroll of magic mapping {unknown}
 i - a scroll of immolation {unknown}
 l - 4 scrolls of enchant armour
 m - 3 scrolls of blinking
 o - a scroll of enchant weapon {unknown}
 p - 5 scrolls of teleportation
 s - a scroll of random uselessness {unknown}
 t - a scroll of fog {unknown}
 A - a scroll of fear {unknown}
 E - a scroll of amnesia {unknown}
Potions
 n - a potion of invisibility
 q - 3 potions of curing
 u - a potion of ambrosia {unknown}
 w - 7 potions of brilliance
 D - 3 potions of lignification {unknown}
Books
 x - a book of Spatial Translocations

   Spells                             Type                      Level
   a - Apportation                    Translocation                1
   b - Blink                          Translocation                2
   c - Shroud of Golubria             Charms/Translocation         2
   d - Portal Projectile              Translocation                3
   e - Teleport Other                 Translocation                3
   f - Passage of Golubria            Translocation                4
 z - a book of Conjurations

   Spells                             Type                      Level
   a - Magic Dart                     Conjuration                  1
   b - Searing Ray                    Conjuration                  2
   c - Dazzling Spray                 Conjuration/Hexes            3
   d - Fulminant Prism                Conjuration/Hexes            4
   e - Iskenderun's Mystic Blast      Conjuration                  4
   f - Iskenderun's Battlesphere      Conjuration/Charms           5
Comestibles
 e - 9 bread rations
 h - 6 fruits
 j - 5 meat rations
 k - 3 beef jerkies
 H - 7 slices of pizza


   Skills:
 + Level 9.2 Fighting
 + Level 13.0 Axes
 + Level 8.3 Armour
 + Level 8.6 Shields


You had 9 spell levels left.
You didn't know any spells.

Dungeon Overview and Level Annotations

Branches:
Dungeon (10/15)            Temple (0/1) D:5            Lair (0/8) D:9
    Orc: D:9-12

Altars:
Cheibriados
Gozag
Nemelex Xobeh
Okawaru
Qazlal
Ru
Sif Muna
Trog
Xom
Zin
The Shining One

Shops:
D:8 :

Annotations:
D:10 3 runed doors, exclusion: orange crystal statue


Innate Abilities, Weirdness & Mutations

You reflexively headbutt those who attack you in melee.
You have a pair of horns on your head.


Message History

The yak gores you.
* * * LOW HITPOINT WARNING * * *
The yak gores you!
* * * LOW HITPOINT WARNING * * *
You are very lightly contaminated with residual magic.
You block the yak's attack. The yak closely misses you. The yak gores you.
* * * LOW HITPOINT WARNING * * *
The yak closely misses you.
Drink which item? (? for menu, Esc to quit)
You feel better.
You feel like a meek peon again. The yak closely misses you.
You block the yak's attack.
You strike the helpless yak from behind!
You hit the yak but do no damage. You headbutt the yak!
The yak is almost dead.
You hit the yak but do no damage.
The yak is lightly wounded.
The yak gores you but does no damage. The yak barely misses you.
You block the yak's attack. The yak gores you!
You die...

#...#+#...#...###########
##.###.###.##............#
#..#..(..#..#..###.#####.#
##.##..!.Y##.##.###.#####.#
+..+..?8/Y.'..'.........#.#
##.##..[.Y##.##..##.###.#.#
#..#.....#YY#..###.# #.#
##.###.###Y##.## #.# # #.#
#(..#+#.Y@#.. #.# #.#.#
###.....###.# >.###.#.#
###.### .. .###.....## #+#
..# .....###... .... #...
#..###.## ..#......##
........... .#.##..###


You could see 4 yaks.

Vanquished Creatures
  Erica (D:8)
  Pikel (D:7)
  The ghost of schorsch312 the Skirmisher, an amateur HOFi of Makhleb (D:4)
  A two-headed ogre (D:9)
  3 yaks (D:9)
  A steam dragon (D:8)
  A basilisk (D:9)
  A human (D:10)
  The ghost of Locuples the Cudgeler, an amateur OgBe of Trog (D:3)
  A phantom (D:6)
  4 ogres
  6 porcupines (D:9)
  A sky beast (D:5)
  4 ice beasts
  3 centaurs
  3 crocodiles (D:9)
  2 big kobolds
  4 scorpions
  2 jellies (D:8)
  3 killer bees (D:10)
  A centaur zombie (D:7)
  4 crimson imps
  A giant frog zombie (D:5)
  A hound (D:9)
  An orc priest (D:8)
  2 giant frog skeletons
  Jessica (D:2)
  A centaur skeleton (D:9)
  Terence (D:3)
  An orc wizard (D:8)
  4 worker ants
  8 sheep (D:9)
  A hound zombie (D:5)
  2 worker ant zombies
  5 river rats (D:9)
  12 adders
  A gnoll (D:1)
  2 oozes
  4 worms
  3 giant geckos
  23 orcs
  3 ball pythons
  6 goblins
  6 hobgoblins
  14 kobolds
  A ball python skeleton (D:3)
  6 bats
  7 giant cockroaches
  6 giant newts
  12 jackals
  2 quokkas
  10 rats
  4 plants (D:9)
200 creatures vanquished.

Vanquished Creatures (others)
  A worker ant (D:7)
  An adder skeleton (D:7)
  A bush (D:9)
  3 plants (D:9)
6 creatures vanquished.

Grand Total: 206 creatures vanquished

Notes
Turn   | Place    | Note
--------------------------------------------------------------
     0 | D:1      | Locuples the Minotaur Fighter began the quest for the Orb.
     0 | D:1      | Reached XP level 1. HP: 19/19 MP: 0/0
   177 | D:1      | Reached XP level 2. HP: 24/26 MP: 1/1
   300 | D:1      | Reached skill level 4 in Axes
   657 | D:2      | Found a sparkling altar of Nemelex Xobeh.
   657 | D:2      | Noticed Jessica
   664 | D:2      | Killed Jessica
   664 | D:2      | Reached XP level 3. HP: 2/31 MP: 2/2
   952 | D:1      | Reached skill level 5 in Axes
  1017 | D:2      | Found a glowing golden altar of the Shining One.
  1020 | D:2      | Became a worshipper of the Shining One
  1231 | D:2      | Found a shimmering altar of Xom.
  1322 | D:2      | Reached XP level 4. HP: 35/39 MP: 3/3
  1638 | D:2      | Reached skill level 6 in Axes
  1747 | D:3      | Noticed Terence
  1760 | D:3      | Killed Terence
  1760 | D:3      | Reached XP level 5. HP: 41/45 MP: 4/4
  1770 | D:3      | Noticed Locuples's ghost (amateur OgBe)
  1782 | D:3      | Killed Locuples's ghost
  1782 | D:3      | Reached skill level 7 in Axes
  2010 | D:3      | Reached XP level 6. HP: 51/51 MP: 5/5
  2362 | D:3      | Reached * piety under the Shining One
  2694 | D:4      | Noticed schorsch312's ghost (amateur HOFi)
  2701 | D:4      | Killed schorsch312's ghost
  2701 | D:4      | Reached skill level 9 in Axes
  2775 | D:4      | Reached XP level 7. HP: 33/57 MP: 6/6
  3375 | D:5      | Entered Level 5 of the Dungeon
  3513 | D:5      | Reached skill level 10 in Axes
  3928 | D:5      | Found a staircase to the Ecumenical Temple.
  3958 | D:6      | Reached XP level 8. HP: 67/67 MP: 7/7
  4219 | D:6      | Found an iron altar of Okawaru.
  4470 | D:6      | Reached skill level 5 in Fighting
  4633 | D:7      | Found a stormy altar of Qazlal.
  4633 | D:7      | Found a bloodstained altar of Trog.
  4773 | D:7      | Reached skill level 5 in Armour
  4837 | D:7      | Noticed Pikel
  4851 | D:7      | Was placed under penance by the Shining One
  4888 | D:7      | Killed Pikel
  4888 | D:7      | Reached skill level 11 in Axes
  4888 | D:7      | Reached skill level 5 in Shields
  5032 | D:7      | Reached XP level 9. HP: 30/78 MP: 8/8
  5409 | D:6      | Fell from the grace of the Shining One
  5409 | D:6      | Became a worshipper of Warmaster Okawaru
  5632 | D:8      | Found an opulent altar of Gozag.
  5713 | D:8      | Found a deep blue altar of Sif Muna.
  5714 | D:8      | Found a glowing silver altar of Zin.
  5726 | D:8      | Found Vituig's Book Boutique.
  6071 | D:8      | Noticed Erica
  6099 | D:8      | Killed Erica
  6099 | D:8      | Reached * piety under Okawaru
  6450 | D:8      | Reached skill level 12 in Axes
  6881 | D:8      | Found a sacrificial altar of Ru.
  7428 | D:9      | Reached ** piety under Okawaru
  7484 | D:9      | Reached XP level 10. HP: 39/90 MP: 6/9
  7512 | D:9      | HP: 1/90 [porcupine's spines (12)]
  7524 | D:10     | Entered Level 10 of the Dungeon
  8011 | D:9      | Found a staircase to the Lair.
  8438 | D:9      | Reached *** piety under Okawaru
  8454 | D:9      | Found a snail-covered altar of Cheibriados.
  8751 | D:10     | Reached skill level 13 in Axes
  8826 | D:10     | Found a runed door.
  8839 | D:10     | Found a runed door.
  8846 | D:10     | Found a runed door.
  8853 | D:10     | Found a runed door.
  8861 | D:10     | Noticed an orange crystal statue
  8944 | D:10     | HP: 4/91 [yak[an orange crystal statue] (6)]
  8946 | D:10     | Slain by a yak

Action                   |  1- 3 |  4- 6 |  7- 9 | 10-12 || total
-------------------------+-------+-------+-------+-------++-------
Melee: War axe           |    58 |   105 |   280 |   164 ||   607
       Unarmed           |       |       |     9 |       ||     9
Invok: Heroism           |       |       |     1 |     2 ||     3
 Abil: Breathe Fire      |       |       |     1 |       ||     1
       Evoke Berserk Rag |       |       |     2 |     2 ||     4
  Use: Potion            |       |     3 |     5 |     4 ||    12
       Scroll            |       |     1 |     7 |       ||     8
 Stab: Invisible         |       |       |     2 |     1 ||     3
  Eat: Chunk             |     1 |     5 |    15 |     3 ||    24
       Fruit             |       |       |     1 |       ||     1
       Royal jelly       |       |       |       |     1 ||     1
       Pizza             |       |       |       |     1 ||     1
